AoeStats
← 不爽就點

Arena

507573870Analyzed
1v1 RM · 12d ago on Sep 18, 2026· 35m 12s· 2 players
Game mode
Random Map
Map size
Tiny (2 player)
Population
200
Speed
Normal
Resources
Standard
Victory
Conquest
Starting age
Dark Age
Ending age
Imperial Age
RankedLock teamsTeams togetherTeam positionsShared explorationLock speedFull tech treeHidden civsTurbo modeCheats
Victory
Defeat
🇹🇼 Franks · Taiwan
1412
+28
🇲🇹 Wu · Malta
1367
-14
Houf Nietzsche
11:10 Feudal Age
15:04 Castle Age
13:46 Double-Bit Axe
13:44 Horse Collar
14:45 Loom
18:50 Gold Mining
20:37 Fletching
22:07 Bodkin Arrow
24:11 Gold Shaft Mining
28:12 Imperial Age
26:38 Red Cliffs Tactics
27:46 Pikeman
29:20 Bracer
30:17 Padded Archer Armor
不爽就點
11:55 Feudal Age
13:08 Double-Bit Axe
13:31 Loom
17:01 Castle Age
17:57 Bow Saw
22:49 Gold Mining
24:29 Wheelbarrow
29:20 Imperial Age
27:07 Fletching
27:50 Scale Barding Armor
28:47 Gold Shaft Mining
28:54 Chain Barding Armor
28:45 Light Cavalry
30:27 Gold Shaft Mining
31:00 Plate Barding Armor
30:24 Cavalier
35:34 Stone Mining
Connection lost

Rejoining the realm…

Still unreachable

The connection could not be restored.

Session expired

The server has moved on; the page needs a fresh start.